General information
- name: BNet
- type: Ladder team game (AT/RT)
- host: Battle.net
- saver: rvg4hk
map: MarketSquare
- players: 8
- length: 12:41
- speed: Fast
- version: 1.28 W3XP
- replay type: Public
» download(121 KB)
Players
team 1 (winner)
TiCkLe-Me-ElMo (
teal | 77 APM | 973 actions | 12:41)
5 Blademaster
3 Wind Walk
2 Critical Strike
» actions
| Assign group hotkey | 2 | |
| Build / train | 39 | |
| Enter build submenu | 12 | |
| Enter hero's abilities submenu | 5 | |
| Remove unit from queue | 1 | |
| Right click | 697 | |
| Select / deselect | 183 | |
| Select group hotkey | 1 | |
| Use ability | 33 | |
973 total
» units
| Peon | 9 | |
| Wind Rider | 5 | |
| Troll Batrider | 4 | |
18 total
» upgrades
| Pillage | 1 | |
| Armor | 1 | |
| Ensnare | 1 | |
| Ranged Weapons | 2 | |
5 total
» buildings
| Altar of Storms | 1 | |
| Orc Burrow | 5 | |
| Voodoo Lounge | 1 | |
| Stronghold | 2 | |
| War Mill | 1 | |
| Watch Tower | 2 | |
| Beastiary | 2 | |
| Fortress | 2 | |
16 total
» build order
00:06 Altar of Storms
00:08 Orc Burrow
00:59 Voodoo Lounge
02:10 Stronghold
02:10 Stronghold
02:22 War Mill
02:39 Orc Burrow
04:02 Watch Tower
04:04 Watch Tower
04:31 Beastiary
04:35 Beastiary
06:39 Orc Burrow
07:34 Orc Burrow
08:22 Orc Burrow
09:40 Fortress
09:40 Fortress
» items
| Healing Salve | 2 | |
| Lesser Clarity Potion | 1 | |
| Boots of Speed | 1 | |
| Circlet of Nobility | 1 | |
5 total
OrcU_1 (
purple | 89 APM | 1126 actions | 12:41)
4 Blademaster
2 Wind Walk
2 Critical Strike
» actions
| Assign group hotkey | 85 | |
| Basic commands | 52 | |
| Build / train | 45 | |
| Enter build submenu | 19 | |
| Enter hero's abilities submenu | 4 | |
| Remove unit from queue | 1 | |
| Right click | 540 | |
| Select / deselect | 164 | |
| Select group hotkey | 159 | |
| Use ability | 57 | |
1126 total
» units
| Peon | 15 | |
| Grunt | 7 | |
| Shaman | 3 | |
| Tauren | 3 | |
28 total
» upgrades
| Shaman Training | 2 | |
| Reinforced Defenses | 1 | |
| Witch Doctor Training | 1 | |
4 total
» buildings
| Altar of Storms | 1 | |
| Orc Burrow | 5 | |
| Barracks | 1 | |
| Stronghold | 2 | |
| War Mill | 1 | |
| Fortress | 2 | |
| Spirit Lodge | 2 | |
| Voodoo Lounge | 1 | |
| Watch Tower | 4 | |
| Tauren Totem | 2 | |
21 total
» build order
00:11 Altar of Storms
00:21 Orc Burrow
00:44 Barracks
01:37 Orc Burrow
04:44 Stronghold
04:44 Stronghold
04:47 War Mill
05:39 Orc Burrow
07:19 Fortress
07:19 Fortress
07:29 Spirit Lodge
07:35 Spirit Lodge
08:13 Voodoo Lounge
09:21 Watch Tower
10:00 Tauren Totem
10:01 Tauren Totem
10:08 Orc Burrow
10:43 Watch Tower
11:27 Watch Tower
11:29 Watch Tower
11:33 Orc Burrow
» items
| Orb of Lightning | 1 | |
| Tiny Great Hall | 1 | |
2 total

»
onelifeonedeath (
blue | 21 APM | 263 actions | 12:41)
3 Crypt Lord
2 Spiked Carapace
1 Carrion Beetles
» actions
| Build / train | 45 | |
| Enter build submenu | 21 | |
| Enter hero's abilities submenu | 3 | |
| Right click | 56 | |
| Select / deselect | 114 | |
| Use ability | 24 | |
263 total
» units
| Acolyte | 11 | |
| Ghoul | 8 | |
| Frost Wyrm | 4 | |
23 total
» upgrades
| Cannibalize | 1 | |
| Creature Attack | 2 | |
| Freezing Breath | 1 | |
| Creature Carapace | 2 | |
6 total
» buildings
| Altar of Darkness | 1 | |
| Ziggurat | 12 | |
| Crypt | 1 | |
| Nerubian Tower | 2 | |
| Graveyard | 1 | |
| Halls of the Dead | 1 | |
| Necropolis | 1 | |
| Black Citadel | 1 | |
| Spirit Tower | 7 | |
| Sacrificial Pit | 1 | |
| Boneyard | 3 | |
31 total
» build order
01:01 Altar of Darkness
01:05 Ziggurat
01:06 Ziggurat
01:17 Crypt
01:58 Ziggurat
02:32 Nerubian Tower
03:03 Ziggurat
03:41 Graveyard
04:12 Halls of the Dead
04:35 Ziggurat
04:45 Ziggurat
05:14 Necropolis
05:32 Ziggurat
05:40 Ziggurat
06:33 Black Citadel
06:40 Spirit Tower
06:45 Sacrificial Pit
06:51 Spirit Tower
07:12 Ziggurat
08:05 Spirit Tower
08:31 Ziggurat
08:33 Ziggurat
08:42 Ziggurat
08:56 Nerubian Tower
09:18 Boneyard
09:30 Boneyard
09:36 Boneyard
09:41 Spirit Tower
09:41 Spirit Tower
09:49 Spirit Tower
09:49 Spirit Tower
jbennett3112 (
green | 37 APM | 465 actions | 12:41)
4 Firelord
2 Summon Lava Spawn
1 Incinerate
1 Soul Burn
» actions
| Assign group hotkey | 5 | |
| Build / train | 34 | |
| Enter build submenu | 18 | |
| Enter hero's abilities submenu | 4 | |
| Right click | 279 | |
| Select / deselect | 99 | |
| Select group hotkey | 2 | |
| Use ability | 23 | |
465 total
» units
| Peasant | 6 | |
| Footman | 6 | |
| Rifleman | 10 | |
| Gryphon Rider | 2 | |
24 total
» upgrades
| Storm Hammers | 1 | |
| Lumber Harvesting | 1 | |
2 total
» buildings
| Altar of Kings | 1 | |
| Farm | 9 | |
| Barracks | 1 | |
| Lumber Mill | 1 | |
| Blacksmith | 1 | |
| Keep | 1 | |
| Gryphon Aviary | 2 | |
| Castle | 1 | |
| Scout Tower | 1 | |
| Arcane Tower | 1 | |
19 total
» build order
00:13 Altar of Kings
00:25 Farm
00:42 Barracks
01:18 Farm
01:54 Lumber Mill
02:00 Farm
02:37 Blacksmith
02:52 Farm
03:36 Farm
04:11 Keep
05:32 Farm
08:27 Gryphon Aviary
08:30 Castle
09:01 Scout Tower
09:30 Arcane Tower
09:34 Farm
09:47 Gryphon Aviary
10:17 Farm
11:27 Farm
team 2 (loser)

»
dverial (
yellow | 35 APM | 449 actions | 12:41)
4 Death Knight
2 Death Coil
2 Unholy Aura
2 Dreadlord
1 Sleep
1 Vampiric Aura
1 Shadow Hunter
1 Healing Wave
» actions
| Build / train | 39 | |
| Enter build submenu | 14 | |
| Enter hero's abilities submenu | 7 | |
| Remove unit from queue | 3 | |
| Right click | 189 | |
| Select / deselect | 170 | |
| Use ability | 27 | |
449 total
» units
| Acolyte | 7 | |
| Ghoul | 3 | |
| Crypt Fiend | 7 | |
| Wind Rider | 1 | |
18 total
» upgrades
| Creature Attack | 1 | |
| Web | 1 | |
| Creature Carapace | 1 | |
3 total
» buildings
| Altar of Darkness | 1 | |
| Ziggurat | 7 | |
| Crypt | 1 | |
| Graveyard | 1 | |
| Tomb of Relics | 1 | |
| Nerubian Tower | 1 | |
| Halls of the Dead | 1 | |
| Necropolis | 1 | |
| Black Citadel | 1 | |
| Spirit Tower | 2 | |
| Slaughterhouse | 1 | |
18 total
» build order
00:04 Altar of Darkness
00:11 Ziggurat
00:37 Crypt
00:55 Graveyard
01:09 Ziggurat
01:25 Tomb of Relics
01:44 Nerubian Tower
04:10 Halls of the Dead
04:35 Ziggurat
09:09 Ziggurat
09:11 Ziggurat
10:00 Necropolis
10:01 Ziggurat
10:02 Ziggurat
11:13 Black Citadel
11:17 Spirit Tower
11:18 Spirit Tower
12:15 Slaughterhouse
» items

»
oreganobae (
orange | 133 APM | 1364 actions | 10:16)
1 Blademaster
1 Wind Walk
1 Shadow Hunter
1 Hex
» actions
| Assign group hotkey | 9 | |
| Basic commands | 52 | |
| Build / train | 28 | |
| Enter build submenu | 17 | |
| Enter hero's abilities submenu | 3 | |
| Remove unit from queue | 3 | |
| Right click | 242 | |
| Select / deselect | 103 | |
| Select group hotkey | 881 | |
| Use ability | 26 | |
1364 total
» units
| Peon | 11 | |
| Wind Rider | 2 | |
| Troll Batrider | 3 | |
16 total
» buildings
| Altar of Storms | 1 | |
| Orc Burrow | 4 | |
| Voodoo Lounge | 1 | |
| Stronghold | 2 | |
| War Mill | 1 | |
| Beastiary | 4 | |
| Watch Tower | 2 | |
15 total
» build order
00:13 Altar of Storms
00:18 Orc Burrow
00:24 Voodoo Lounge
01:34 Orc Burrow
02:44 Stronghold
02:44 Stronghold
04:38 War Mill
05:32 Beastiary
05:49 Beastiary
05:53 Beastiary
06:40 Orc Burrow
06:52 Watch Tower
07:26 Beastiary
08:55 Orc Burrow
08:59 Watch Tower
» items
| Healing Salve | 2 | |
| Lesser Clarity Potion | 2 | |
| Scroll of Speed | 1 | |
5 total
r3dawg (
pink | 88 APM | 921 actions | 10:28)
2 Blademaster
1 Wind Walk
1 Critical Strike
1 Shadow Hunter
1 Hex
» actions
| Assign group hotkey | 15 | |
| Basic commands | 1 | |
| Build / train | 33 | |
| Enter build submenu | 12 | |
| Enter hero's abilities submenu | 3 | |
| Remove unit from queue | 1 | |
| Right click | 383 | |
| Select / deselect | 152 | |
| Select group hotkey | 302 | |
| Use ability | 19 | |
921 total
» units
| Peon | 10 | |
| Grunt | 4 | |
| Raider | 1 | |
| Wind Rider | 6 | |
21 total
» upgrades
| Berserker Strength | 1 | |
| Ensnare | 1 | |
| Armor | 1 | |
3 total
» buildings
| Orc Burrow | 5 | |
| Altar of Storms | 1 | |
| Barracks | 1 | |
| Voodoo Lounge | 1 | |
| Stronghold | 1 | |
| War Mill | 1 | |
| Beastiary | 2 | |
| Fortress | 1 | |
13 total
» build order
00:08 Orc Burrow
00:19 Altar of Storms
01:08 Barracks
01:42 Orc Burrow
01:53 Voodoo Lounge
03:01 Stronghold
03:49 Orc Burrow
04:41 War Mill
05:24 Beastiary
05:27 Beastiary
07:22 Orc Burrow
07:24 Orc Burrow
08:17 Fortress
» items
rvg4hk (
red | 37 APM | 468 actions | 12:41)
» actions
| Assign group hotkey | 1 | |
| Basic commands | 3 | |
| Build / train | 47 | |
| Enter build submenu | 44 | |
| Remove unit from queue | 1 | |
| Right click | 153 | |
| Select / deselect | 151 | |
| Select group hotkey | 3 | |
| Use ability | 65 | |
468 total
» units
» upgrades
| Masonry | 2 | |
| Lumber Harvesting | 1 | |
3 total
» buildings
| Lumber Mill | 1 | |
| Farm | 11 | |
| Scout Tower | 27 | |
| Arcane Tower | 3 | |
| Guard Tower | 17 | |
| Keep | 1 | |
| Altar of Kings | 1 | |
| Castle | 1 | |
| Fortress | 1 | |
63 total
» build order
00:41 Lumber Mill
01:16 Farm
01:20 Scout Tower
01:44 Farm
01:47 Scout Tower
02:42 Arcane Tower
02:52 Farm
02:54 Farm
02:59 Scout Tower
02:59 Scout Tower
03:00 Scout Tower
03:03 Scout Tower
03:06 Farm
03:07 Farm
03:12 Farm
03:14 Farm
03:59 Guard Tower
04:01 Guard Tower
04:26 Farm
04:39 Farm
04:43 Guard Tower
04:45 Scout Tower
04:54 Farm
05:00 Scout Tower
05:02 Scout Tower
05:03 Scout Tower
05:05 Scout Tower
05:08 Scout Tower
05:10 Scout Tower
05:16 Guard Tower
05:34 Keep
05:39 Arcane Tower
05:50 Guard Tower
05:52 Guard Tower
05:56 Scout Tower
06:04 Guard Tower
06:08 Arcane Tower
06:09 Guard Tower
06:18 Guard Tower
06:25 Scout Tower
06:34 Guard Tower
07:01 Guard Tower
07:17 Altar of Kings
08:03 Scout Tower
08:03 Scout Tower
08:04 Scout Tower
08:05 Scout Tower
08:09 Scout Tower
08:10 Scout Tower
08:11 Scout Tower
08:13 Scout Tower
08:21 Scout Tower
08:23 Scout Tower
08:25 Scout Tower
08:27 Scout Tower
08:45 Guard Tower
09:03 Guard Tower
09:05 Guard Tower
09:10 Guard Tower
09:18 Guard Tower
09:45 Guard Tower
10:16 Castle
11:23 Fortress
Chat log
(00:20 / Allies) dverial: hes b
(00:27 / Allies) dverial: 100 g plz
(00:41 / Allies) dverial: anyone?
(00:48 / Allies) dverial: ty
(03:49 / Allies) dverial: u ok?
(03:58 / Allies) dverial: no hero
(03:59 / Allies) dverial: WTF
(04:07 / Allies) dverial: fuckin shitty noob
(04:13 / Allies) dverial: gg
(04:40 / Allies) dverial: god i fuckin hate noobs
(04:50 / Allies) dverial: get fucki hero u moron
(05:20 / Allies) dverial: theyt teching
(07:10 / Allies) dverial: wtf is this moron doing
(07:10 / Allies) oreganobae: oh god
(07:26 / All) dverial: ggg
(07:29 / All) dverial: red is out
(07:34 / All) dverial: fuckin retarded piece of shit
(07:39 / All) TiCkLe-Me-ElMo: out?
(07:47 / All) dverial: hes towering himself
(07:48 / All) dverial: no hero
(07:49 / All) dverial: nada
(07:52 / All) TiCkLe-Me-ElMo: o
(07:55 / All) rvg4hk: worry about your own business, punk
(08:04 / All) dverial: stfu fuckin shitty
(08:17 / All) rvg4hk: s my d, noob
(08:42 / All) rvg4hk: sign of a noob, always looking to scapegoat
(08:45 / All) OrcU_1: LOL
(09:20 / Allies) dverial: wtf r u doing retard
(09:26 / Allies) oreganobae: i cant take this anymore
(09:31 / Allies) oreganobae: its so retarded
(09:32 / Allies) rvg4hk: 1-4 solo lol
(09:37 / Allies) dverial: so what
(09:37 / Allies) r3dawg: other side is bad too
(09:40 / Allies) dverial: youre absolute shit
(09:44 / Allies) rvg4hk: man, you got your own problems to be worrying about mien
(09:51 / Allies) dverial: youre playin 4s
(09:56 / Allies) dverial: u deep fuckin retard
(10:03 / Allies) rvg4hk: this is an optimal strat, newbie
(10:13 / Allies) dverial: jesus you are rly that stupid
(10:15 / Allies) oreganobae: fuck this shit why we here with this noob
(10:29 / Allies) dverial: congrats
(10:32 / Allies) dverial: cost us the game
(10:34 / Allies) dverial: nj morn
(10:42 / Allies) rvg4hk: he's weak minded like you
(10:51 / Allies) dverial: no youre absolute shit
(12:23 / Allies) dverial: congrats
(12:27 / Allies) dverial: wtf u think u doing?
(12:40 / All) rvg4hk: gg noob allies, I can't take this shit!
(12:41 / Allies) dverial: ???